 Dungeon Crawl Stone Soup version 0.29-a0-823-gc37b1572da (webtiles) character file.

Game seed: 271329446750544750

61724 jfcaron the Grappler (level 14, -1/115 HPs)
             Began as a Troll Gladiator on July 7, 2022.
             Was a Believer of Jiyva.
             Slain by Nugoytun's ghost (5 damage)
             ... on level 1 of the Orcish Mines on July 8, 2022.
             The game lasted 01:06:47 (19238 turns).

jfcaron the Grappler (Troll Gladiator)             Turns: 19238, Time: 01:06:48

Health: -1/115     AC: 19    Str: 25      XL:     14   Next: 61%
Magic:  13/13      EV: 12    Int:  0 (4)  God:    Jiyva [**....]
Gold:   416        SH: 18    Dex: 10 (11) Spells: 13/13 levels left

rFire   . . .      SeeInvis .     - Unarmed
rCold   . . .      Faith    .   H - +0 tower shield
rNeg    . . .      Spirit   .   N - +0 swamp dragon scales
rPois   +          Reflect  +   b - +0 hat
rElec   .          Harm     .   U - +1 cloak
rCorr   +          Rampage  .   (gloves unavailable)
Will    +....      Rnd*Tele +   (boots unavailable)
Stlth   ..........              t - amulet of reflection
HPRegen 2.05/turn               m - +4 ring of slaying
MPRegen 0.43/turn               P - +4 ring of evasion

@: calling ooze, slowed, lost intelligence, invisible, unable to read, very slow
A: large, unfitting armour, claws 3, regeneration 1, shaggy fur 1, tough skin 1,
iridescent scales 3, frail 2, teleportitis 1, weak 2, acidic bite
a: Renounce Religion


You were on level 1 of the Orcish Mines.
You worshipped Jiyva.
Jiyva was pleased with you.
You visited 4 branches of the dungeon, and saw 20 of its levels.

You collected 1657 gold pieces.
You spent 1241 gold pieces at shops.

Inventory:

Hand Weapons
 g - a +3 scimitar of flaming
 A - a +4 demon trident
 F - a +2 dagger of electrocution
Missiles
 a - 2 javelins
 c - 5 throwing nets {!f}
 d - 7 large rocks {!f}
 i - 94 stones
 p - 41 poisoned darts
 r - 7 silver javelins {!f}
 E - 33 boomerangs
 L - 8 atropa-tipped darts
 S - 2 curare-tipped darts {!f}
Armour
 b - a +0 hat (worn)
 H - a +0 tower shield (worn)
 N - +0 swamp dragon scales (worn)
 T - +0 acid dragon scales
 U - a +1 cloak (worn)
 Z - a +2 robe of cold resistance
Jewellery
 m - a +4 ring of slaying (left claw)
 n - a ring of see invisible
 t - an amulet of reflection (around neck)
 D - a ring of ice
 P - a +4 ring of evasion (right claw)
Wands
 q - a wand of roots (6)
 y - a wand of acid (27)
 I - a wand of digging (5)
 O - a wand of flame (21)
 R - a wand of polymorph (2)
 Y - a wand of paralysis (4)
Scrolls
 e - 2 scrolls of immolation
 h - 3 scrolls of fog
 k - 2 scrolls of torment
 o - 2 scrolls of magic mapping
 s - 4 scrolls of teleportation
 v - a scroll of summoning
 B - 4 scrolls of poison
 C - 3 scrolls of vulnerability
 G - 3 scrolls of noise
 J - a scroll of silence
 M - 2 scrolls of fear
 Q - a scroll of blinking
Potions
 f - 4 potions of lignification
 j - 2 potions of attraction
 l - 3 potions of might
 u - 3 potions of curing
 w - 3 potions of mutation
 x - a potion of flight
 z - a potion of cancellation


   Skills:
 * Level 10.8 Fighting
 + Level 8.5 Throwing
 * Level 7.9 Armour
 - Level 8.0 Dodging
 + Level 7.4 Shields
 * Level 12.9 Unarmed Combat
 + Level 6.4 Evocations


You had 13 spell levels left.
You didn't know any spells.
Your spell library contained the following spells:

 Spells                   Type           Power      Damage    Failure   Level
 Beastly Appendage        Tmut           0%         N/A       99%         1
 Sandblast                Erth           0%         2d4       99%         1
 Passwall                 Tmut/Erth      0%         N/A       100%        2
 Wereblood                Tmut           0%         N/A       100%        2
 Spider Form              Tmut/Pois      0%         N/A       100%        3
 Stone Arrow              Conj/Erth      0%         3d7       100%        3
 Iskenderun's Battlesphe  Conj           0%         2d6       100%        5
 Iron Shot                Conj/Erth      0%         9d1       100%        6
 Spellforged Servitor     Conj/Summ      0%         N/A       100%        7


Dungeon Overview and Level Annotations

Branches:
Dungeon (12/15)            Temple (1/1) D:6            Lair (6/6) D:9
 Shoals (0/4) Lair:4       Spider (0/4) Lair:4        Slime (0/5) Lair:5
    Orc (1/2) D:12

Altars:
Ashenzari
Cheibriados
Dithmenos
Elyvilon
Fedhas
Gozag
Hepliaklqana
Kikubaaqudgha
Makhleb
Nemelex Xobeh
Okawaru
Qazlal
Ru
Sif Muna
Trog
Uskayaw
Vehumet
Wu Jian
Xom
Yredelemnul
Zin
The Shining One
Jiyva

Shops:
D:4 *   D:5 *   D:10 [

Portals:
Hell: Lair:6

Annotations:
D:2 come back with rF+
D:7 2 transporters
Lair:6 2 transporters, Goic's ghost, journeyman DjCj
Orc:1 1 transporter, Nugoytun's ghost, journeyman DrMo


Innate Abilities, Weirdness & Mutations

You are too large for most types of armour.
You have claws for hands.
Your natural rate of healing is unusually fast.
You are covered in fur. (AC +1)
You have tough skin. (AC +1)
You are completely covered in iridescent scales. (AC +6)
You are very frail. (-20% HP)
You are occasionally teleported next to monsters.
You are very weak. (Str -4)
You have acidic saliva.


Message History

The walls burn the quasit!
The quasit closely misses you. You block the quasit's attack.
The quasit closely misses you.
The walls burn Nugoytun's ghost!
Nugoytun's ghost misses you.
Unknown command.
You eviscerate the quasit!!!
You kill the quasit!
The walls burn Nugoytun's ghost!
Nugoytun's ghost freezes you.
You are frozen!!
* * * LOW HITPOINT WARNING * * *
The walls burn Nugoytun's ghost!
Nugoytun's ghost hits you!
* * * LOW HITPOINT WARNING * * *
Nugoytun's ghost burns you.
* * * LOW HITPOINT WARNING * * *
Press: ? - help, v - describe, . - travel
Here: Nugoytun's ghost, wielding a weapon of flaming (lightly damaged)
The floor.
Unknown command.
You feel better.
The walls burn Nugoytun's ghost!
Nugoytun's ghost freezes you.
You are frozen!!
* * * LOW HITPOINT WARNING * * *
You cannot read scrolls in your current state!
Aiming: Paralyse
Press: ? - help, Shift-Dir - straight line, f - Nugoytun's ghost
Aim: Nugoytun's ghost, wielding a weapon of flaming (lightly damaged, chance to affect: 9%)
Okay, then.
Aiming: Polymorph
Press: ? - help, Shift-Dir - straight line, f - Nugoytun's ghost
Aim: Nugoytun's ghost, wielding a weapon of flaming (lightly damaged, not susceptible)
Okay, then.
Okay, then.
You fade into invisibility!
The walls burn Nugoytun's ghost!
You block Nugoytun's ghost's attack.
The walls burn Nugoytun's ghost!
You block Nugoytun's ghost's attack.
The walls burn Nugoytun's ghost!
The wall burns Nugoytun's ghost!
Nugoytun's ghost hits you!
* * * LOW HITPOINT WARNING * * *
Nugoytun's ghost burns you.
You die...

.#.........###............J##.#..
..........#.#...#...#.#....J.....
...............###.#.............
.........#.....######J......J....
#...........J......###.##......#.
.............#####...###.........
...#.......###...###.###.........
..........##...W...#.##....##.#..
.#.....#..#..#.#@..#.###..#####..
.###......#..#.#...#..####.#####.
.####.....##.....#.##J##.....#..#
..#####....#..#...#.#.#.......J..
.....#....©#.=.©#...#........#...
.......J...#.#.....##....#...#...
..........##.#...#.#©...###.##...
...#.#....#..#.##..##...# ####...
....###.#.#.#...#...#...# ##....


You could see Nugoytun's ghost (unable to see you).

Vanquished Creatures
  Jorgrun (Orc:1)
  An orc warlord (Orc:1)
  Nessos (Lair:5)
  An ice dragon (D:11)
  Fannar (Lair:2)
  8 hydras
  3 two-headed ogres
  Erica (Lair:2)
  3 death yaks (Lair:6)
  Urug (D:11)
  2 orc high priests (Orc:1)
  A sixfirhy (Lair:6)
  A wizard (Lair:6)
  Pikel (D:7)
  An orc sorcerer (Orc:1)
  2 cyclopes (D:11)
  A manticore (D:12)
  Maurice (Orc:1)
  3 elephants (Lair:6)
  8 black mambas
  2 torpor snails
  2 orange demons (Lair:6)
  2 unseen horrors (D:12)
  8 rime drakes
  12 cane toads
  3 kobold demonologists
  7 komodo dragons
  An ice devil (Lair:6)
  2 red devils (Lair:6)
  A hellwing (Lair:6)
  5 trolls
  Prince Ribbit (D:8)
  A hornet (D:8)
  A polar bear (D:10)
  22 blink frogs
  A slime creature (Lair:5)
  A vampire (D:12)
  2 shadows (D:9)
  4 wyverns
  3 wraiths
  75 yaks
  3 basilisks
  A redback (Lair:4)
  3 vampire mosquitoes (D:12)
  A naga (D:9)
  4 neqoxecs (Orc:1)
  A swamp worm (D:10)
  A warg (D:6)
  Edmund (D:5)
  20 water moccasins
  6 acid dragons
  4 hell hounds (Lair:6)
  3 sky beasts
  2 black bears
  21 orc warriors
  5 ogres
  5 wolves (Lair:6)
  3 centaurs
  2 phantoms (D:4)
  4 lemures (D:7)
  6 kobold brigands
  3 gnoll sergeants
  14 bullfrogs
  4 scorpions
  4 wights (D:10)
  5 killer bees
  4 howler monkeys
  2 electric eels (Lair:4)
  2 quasits (Orc:1)
  11 orc priests
  23 jellies
  A gnoll bouda (D:5)
  3 hounds
  2 iguanas
  Ijyb (D:5)
  25 orc wizards
  7 adders
  23 gnolls
  5 white imps
  2 ufetubi
  A worm (D:4)
  3 dart slugs
  69 orcs
  6 ball pythons
  10 endoplasms
  4 giant cockroaches (D:1)
  9 goblins
  8 hobgoblins
  5 jackals
  15 kobolds
  4 quokkas
  5 bats
  5 frilled lizards
  8 rats
  51 fungi
  55 plants
693 creatures vanquished.

Notes
Turn   | Place    | Note
-------+----------+-------------------------------------------
     0 | D:1      | jfcaron the Troll Gladiator began the quest for the Orb.
     0 | D:1      | Reached XP level 1. HP: 19/19 MP: 0/0
    74 | D:1      | Reached XP level 2. HP: 28/28 MP: 1/1
   294 | D:1      | Reached XP level 3. HP: 35/35 MP: 2/2
   843 | D:2      | Noticed an ogre
   848 | D:2      | Killed an ogre
   849 | D:2      | Reached XP level 4. HP: 14/44 MP: 3/3
   850 | D:2      | HP: 6/44 [adder (3)]
   852 | D:2      | HP: 2/44 [rat (2)]
   857 | D:2      | HP: 1/44 [poisoned by an adder]
   935 | D:2      | Reached XP level 5. HP: 50/50 MP: 4/4
  1064 | D:2      | Reached skill level 4 in Unarmed Combat
  1824 | D:3      | Found a sacrificial altar of Ru.
  2121 | D:3      | Found a hide-covered altar of Uskayaw.
  2484 | D:4      | Noticed a phantom
  2601 | D:4      | Noticed a phantom
  2606 | D:4      | Killed a phantom
  2607 | D:4      | Reached XP level 6. HP: 61/61 MP: 5/5
  2733 | D:4      | Found an opulent altar of Gozag.
  2879 | D:4      | Found a burning altar of Makhleb.
  3083 | D:4      | Found a basalt altar of Yredelemnul.
  3214 | D:4      | Identified the +1 ring mail of the Known World {rN+ Will+
                  | Regen+ Dex+3}
  3271 | D:4      | Found Ripn's General Store.
  3521 | D:4      | Found a white marble altar of Elyvilon.
  3560 | D:5      | Entered Level 5 of the Dungeon
  3595 | D:5      | Found Ipsof's General Store.
  3609 | D:5      | Reached XP level 7. HP: 55/67 MP: 6/6
  3621 | D:5      | Reached skill level 5 in Unarmed Combat
  3709 | D:5      | Noticed Edmund
  3720 | D:5      | Killed Edmund
  3832 | D:5      | Noticed Ijyb
  3837 | D:5      | Killed Ijyb
  4271 | D:6      | Reached XP level 8. HP: 59/78 MP: 7/7
  4561 | D:6      | Reached skill level 1 in Evocations
  4626 | D:6      | Reached skill level 5 in Dodging
  4626 | D:6      | Reached skill level 6 in Unarmed Combat
  4628 | D:6      | HP: 15/79 [gnoll/+0 flail[a gnoll sergeant] (11)]
  4906 | D:6      | Found a staircase to the Ecumenical Temple.
  4919 | Temple   | Entered the Ecumenical Temple
  5104 | Temple   | Became a worshipper of Xom of Chaos
  5204 | D:6      | XOM: divination: detect items
  5359 | D:6      | XOM: silly message
  5433 | D:7      | XOM: smoke on damage
  5441 | D:7      | XOM: confuse monster(s)
  5465 | D:7      | Noticed Pikel
  5467 | D:7      | XOM: summons 7 friendly demons
  5470 | D:7      | XOM: noise
  5489 | D:7      | Killed Pikel
  5490 | D:7      | Reached skill level 5 in Fighting
  5490 | D:7      | Reached skill level 1 in Shields
  5490 | D:7      | Reached XP level 9. HP: 64/88 MP: 8/8
  5544 | D:7      | Found a transporter.
  5545 | D:7      | Noticed a kobold demonologist
  5546 | D:7      | XOM: summons 3 friendly demons
  5578 | D:7      | Reached skill level 7 in Unarmed Combat
  5598 | D:7      | XOM: noise
  5602 | D:7      | Found a transporter.
  5602 | D:7      | XOM: 1-stop teleportation journey
  5866 | D:7      | Noticed a kobold demonologist
  5887 | D:7      | XOM: swap monsters
  5890 | D:7      | XOM: polymorph ice beast -> acid dragon
  5911 | D:7      | HP: 7/89 [acid dragon/splash of acid (26)]
  5911 | D:7      | XOM: butterfly on damage
  5912 | D:7      | HP: 2/89 [acid dragon (6)]
  5933 | D:7      | XOM: give mutations
  5933 | D:7      | Gained mutation: Your body sometimes deteriorates upon
                  | taking damage. [Xom's mischief]
  5933 | D:7      | Gained mutation: You are clumsy. (Dex -2) [Xom's mischief]
  5933 | D:7      | Gained mutation: You are frail. (-10% HP) [Xom's mischief]
  5943 | D:7      | XOM: stat loss: -1 Int (3/4)
  6311 | D:8      | XOM: confusion
  6324 | D:8      | XOM: cast spell 'Summon Mana Viper'
  6475 | D:8      | Noticed Prince Ribbit
  6480 | D:8      | XOM: confuse monster(s)
  6486 | D:8      | Killed Prince Ribbit
  6597 | D:8      | XOM: 3-stop teleportation journey
  6605 | D:8      | Reached skill level 5 in Throwing
  6613 | D:8      | XOM: god gift: 6 atropa-tipped darts
  6644 | D:8      | XOM: silly message
  6651 | D:8      | Reached XP level 10. HP: 73/88 MP: 9/9
  7316 | D:8      | Found a blossoming altar of Fedhas.
  7322 | D:8      | XOM: cast spell 'Summon Cactus Giant'
  7325 | D:8      | Reached skill level 8 in Unarmed Combat
  7432 | D:8      | XOM: potion effect (invisibility)
  8157 | D:9      | XOM: polymorph bullfrog -> naga
  8343 | D:9      | Found a staircase to the Lair.
  8363 | D:9      | Noticed a two-headed ogre
  8368 | D:9      | XOM: summons 6 hostile demons
  8369 | D:9      | Noticed a rust devil
  8374 | Lair:1   | Entered Level 1 of the Lair of Beasts
  8392 | Lair:1   | XOM: silly message
  8427 | D:9      | Killed a two-headed ogre
  8550 | D:9      | XOM: butterfly on damage
  8569 | D:9      | XOM: 6-stop teleportation journey
  8759 | D:9      | HP: 17/90 [wraith (8)]
  8761 | D:9      | XOM: polymorph orc warrior -> ogre
  8762 | D:9      | HP: 4/90 [wraith (12)]
  8768 | D:9      | HP: 4/90 [wraith (7)]
  8774 | Lair:1   | HP: 10/90 [wraith (2)]
  8882 | D:9      | XOM: summons 1 hostile demon
  9120 | D:9      | Found an iron altar of Okawaru.
  9304 | D:9      | XOM: draining
  9312 | D:9      | Reached XP level 11. HP: 81/90 MP: 10/10
  9316 | D:9      | XOM: 8-stop teleportation journey
  9353 | D:9      | XOM: give mutations
  9353 | D:9      | Gained mutation: You are weak. (Str -2) [Xom's mischief]
  9353 | D:9      | Gained mutation: You are very weak. (Str -4) [Xom's
                  | mischief]
  9353 | D:9      | Lost mutation: Your body sometimes deteriorates upon taking
                  | damage. [Xom's mischief]
  9512 | D:9      | Reached skill level 9 in Unarmed Combat
  9721 | D:9      | XOM: give mutations
  9721 | D:9      | Gained mutation: Your mind is acute. (Int +4, Str/Dex -1)
                  | [Xom's mischief]
  9721 | D:9      | Lost mutation: Your mind is acute. (Int +4, Str/Dex -1)
                  | [Xom's mischief]
  9775 | D:6      | XOM is BORED!
  9859 | D:10     | Entered Level 10 of the Dungeon
  9877 | D:10     | XOM: stat loss: -1 Str (29/30)
  9963 | D:10     | XOM: 1-stop teleportation journey
 10034 | D:10     | Found Pegrafat's Antique Armour Shoppe.
 10047 | D:10     | Reached skill level 1 in Armour
 10051 | D:10     | XOM: enchant monster (bad)
 10057 | D:10     | XOM: enchant monster (bad)
 10088 | D:10     | Bought an embroidered cloak for 240 gold pieces
 10112 | D:10     | Found a glowing silver altar of Zin.
 10386 | D:10     | XOM: divination: detect creatures
 10461 | D:10     | Found a radiant altar of Vehumet.
 10472 | D:10     | XOM: divination: magic mapping
 10478 | D:10     | Found a bloodstained altar of Trog.
 10560 | D:10     | Noticed a two-headed ogre
 10564 | D:10     | a two-headed ogre changed into a swamp worm
 10771 | D:11     | XOM: enchant monster (bad)
 10849 | D:11     | XOM: cast spell 'Summon Ice Beast'
 10914 | D:11     | Noticed a five-headed hydra
 10915 | D:11     | XOM: summons 7 friendly demons
 10922 | D:11     | Killed a five-headed hydra
 10954 | D:11     | Noticed a boulder beetle
 10959 | D:11     | Noticed an ice dragon
 10959 | D:11     | a boulder beetle changed into an ice dragon
 10959 | D:11     | XOM: polymorph boulder beetle -> ice dragon
 10962 | D:11     | XOM: scenery: 2 doors open
 10965 | D:11     | HP: 8/99 [ice dragon/blast of cold (61)]
 11145 | D:11     | Noticed Urug
 11162 | D:11     | Killed Urug
 11165 | D:11     | Upgraded the game from 0.29-a0-821-g66395355a5 to
                  | 0.29-a0-823-gc37b1572da
 11265 | D:10     | XOM: give mutations
 11265 | D:10     | Gained mutation: You are very clumsy. (Dex -4) [Xom's
                  | mischief]
 11265 | D:10     | Gained mutation: Your spells are a little harder to cast,
                  | but a little more powerful. [Xom's mischief]
 11265 | D:10     | Lost mutation: You are very clumsy. (Dex -4) [Xom's
                  | mischief]
 11625 | D:11     | XOM: draining
 11686 | D:12     | Noticed a two-headed ogre
 11693 | D:12     | Killed a two-headed ogre
 11696 | D:12     | Reached skill level 10 in Unarmed Combat
 11783 | D:12     | Reached skill level 5 in Shields
 11783 | D:12     | Reached XP level 12. HP: 88/105 MP: 11/11
 11941 | D:12     | Found a staircase to the Orcish Mines.
 12088 | D:12     | XOM: blink monster(s)
 12117 | D:12     | XOM: silly message
 12352 | D:12     | XOM: divination: magic mapping
 12447 | D:11     | Killed an ice dragon
 12548 | Lair:1   | XOM: god gift: 7 stones
 12555 | Lair:1   | XOM: destruction
 12599 | Lair:1   | XOM: destruction
 12707 | Lair:1   | XOM: enchant monster (good)
 12725 | Lair:1   | XOM: divine lightning
 12739 | Lair:1   | XOM: confuse monster(s)
 13252 | Lair:2   | Reached skill level 5 in Evocations
 13409 | Lair:2   | XOM: enchant monster (good)
 13425 | Lair:2   | Reached skill level 5 in Armour
 13491 | Lair:2   | XOM: confuse monster(s)
 13495 | Lair:2   | XOM: summons friendly iron imp
 13497 | Lair:2   | Reached skill level 11 in Unarmed Combat
 13577 | Lair:2   | Noticed Erica
 13582 | Lair:2   | Killed Erica
 13588 | Lair:2   | Noticed Fannar
 13591 | Lair:2   | XOM: enchant monster (bad)
 13596 | Lair:2   | Killed Fannar
 13644 | Lair:2   | XOM: cast spell 'Cause Fear'
 13876 | Lair:2   | Reached XP level 13. HP: 117/117 MP: 12/12
 13898 | Lair:2   | XOM: silly message
 14117 | Lair:3   | XOM: confuse monster(s)
 14956 | Lair:4   | XOM: summons 3 friendly demons
 14974 | Lair:4   | XOM: enchant monster (good)
 15155 | Lair:4   | XOM: potion effect (curing)
 15298 | Lair:4   | Found a staircase to the Shoals.
 15325 | Lair:4   | XOM: silly message
 15337 | Lair:4   | Found a hole to the Spider Nest.
 15758 | Lair:5   | Noticed Nessos
 15875 | Lair:5   | Killed Nessos
 15921 | Lair:5   | Found a viscous altar of Jiyva.
 15921 | Lair:5   | Found a staircase to the Slime Pits.
 15939 | Lair:5   | Fell from the grace of Xom
 15939 | Lair:5   | Became a worshipper of Jiyva Jaky the Shapeless
 16249 | Lair:5   | Reached * piety under Jiyva
 16656 | Lair:6   | Entered Level 6 of the Lair of Beasts
 16760 | Lair:6   | HP: 23/119 [elephant (7)]
 16764 | Lair:6   | Reached skill level 12 in Unarmed Combat
 16898 | Lair:6   | Reached skill level 10 in Fighting
 16992 | Lair:6   | Reached ** piety under Jiyva
 17065 | Lair:6   | XOM: give mutations
 17065 | Lair:6   | Gained mutation: Your system is resistant to poisons.
                  | (rPois) [Xom's mischief]
 17065 | Lair:6   | Lost mutation: You are clumsy. (Dex -2) [Xom's mischief]
 17065 | Lair:6   | Lost mutation: Your system is resistant to poisons. (rPois)
                  | [Xom's mischief]
 17065 | Lair:6   | Gained mutation: You are very frail. (-20% HP) [Xom's
                  | mischief]
 17143 | Lair:6   | Reached XP level 14. HP: 90/114 MP: 13/13
 17272 | Lair:6   | Found a burning altar of Makhleb.
 17303 | Lair:6   | HP: 16/114 [red devil/+0 trident (7)]
 17308 | Lair:6   | HP: 17/114 [poisoned by an orange demon]
 17581 | Lair:6   | Found a transporter.
 17585 | Lair:6   | Noticed Goic's ghost (journeyman DjCj)
 17657 | Lair:6   | Reached *** piety under Jiyva
 17666 | Lair:6   | Found a transporter.
 18077 | Lair:6   | Found a gateway to Hell.
 18376 | D:5      | Bought +0 swamp dragon scales for 650 gold pieces
 18386 | D:5      | Bought a scroll of identify for 26 gold pieces
 18386 | D:5      | Bought 4 stones for 5 gold pieces
 18386 | D:5      | Bought 7 stones for 9 gold pieces
 18386 | D:5      | Bought a wand of acid (7) for 286 gold pieces
 18443 | D:4      | Bought 6 stones for 7 gold pieces
 18443 | D:4      | Bought 4 stones for 4 gold pieces
 18443 | D:4      | Bought 2 stones for 2 gold pieces
 18443 | D:4      | Bought a scroll of noise for 12 gold pieces
 18619 | Orc:1    | Entered Level 1 of the Orcish Mines
 18619 | Orc:1    | Noticed an orc warlord
 18626 | Orc:1    | Noticed Maurice
 18630 | Orc:1    | Killed an orc warlord
 18643 | Orc:1    | Killed Maurice
 18859 | Orc:1    | Lost mutation: You are very frail. (-20% HP) [Jiyva's
                  | grace]
 18859 | Orc:1    | Lost mutation: Your spells are a little harder to cast, but
                  | a little more powerful. [Jiyva's grace]
 18859 | Orc:1    | Gained mutation: You have acidic saliva. [Jiyva's grace]
 18859 | Orc:1    | Gained mutation: You are partially covered in iridescent
                  | scales. (AC +2) [Jiyva's grace]
 18859 | Orc:1    | Gained mutation: You are mostly covered in iridescent
                  | scales. (AC +4) [Jiyva's grace]
 18859 | Orc:1    | Gained mutation: You are completely covered in iridescent
                  | scales. (AC +6) [Jiyva's grace]
 18904 | Orc:1    | Noticed Nugoytun's ghost (journeyman DrMo)
 18908 | Orc:1    | Found a transporter.
 18929 | Orc:1    | Found a transporter.
 18934 | Orc:1    | Noticed Jorgrun
 18945 | Orc:1    | HP: 23/129 [Jorgrun/iron shot (16)]
 18946 | Orc:1    | Killed Jorgrun
 19087 | Orc:1    | XOM: polymorph jelly -> killer bee
 19222 | Orc:1    | Gained mutation: You are very frail. (-20% HP) [a neqoxec]
 19223 | Orc:1    | Gained mutation: You are occasionally teleported next to
                  | monsters. [a neqoxec]
 19226 | Orc:1    | Lost intelligence.
 19234 | Orc:1    | HP: 22/115 [Nugoytun's ghost (9)]
 19235 | Orc:1    | HP: 5/115 [frozen (20)]
 19238 | Orc:1    | Slain by Nugoytun's ghost

Illustrated notes

Levels and vault maps discovered:
D:1:      mrwooster_arrival_statue_2, layout_basic
D:2:      layout_loops_cross, hangedman_decor_push, grunt_decor_mini_mirrors,
          corexii_corridor_pit, lemuel_flame_loot_1
D:3:      layout_basic, lemuel_coloured_pillars_altar, old_standard_altar,
          hangedman_decor_riveting, kennysheep_generic_room_10
D:4:      layout_basic, nicolae_elyvilon_temple_path, kennysheep_little_box,
          overflow_temple_1_default, nicolae_gozag_seed_capital, serial_shops,
          kennysheep_mini
D:5:      layout_rooms, serial_shops, shop, kennysheep_generic_room_13,
          uniq_edmund, uniq_ijyb
D:6:      layout_loops_corners, minmay_temple_entry_statues_pillars
D:7:      gammafunk_wand_slinger, layout_basic, uniq_pikel
D:8:      minmay_s_stair_smasher, layout_layer_cave, fedhas_altar_2,
          uniq_prince_ribbit1
D:9:      layout_layer_cave, okawaru_altar_gauntlet_db, dpeg_oklobed_lair,
          grunt_ministairs_3, minmay_between
D:10:     layout_roguey, trog_ov_bears_minmay, marbit_many_paths,
          mainiacjoe_overflow_small_starburst, serial_shops,
          nicolae_shop_window_shopping
D:11:     layout_stronghold, uniq_urug
D:12:     layout_roguey, erik_orc_3, kennysheep_generic_room_4
Temple:   nicolae_temple_bog_church
Lair:1:   layout_concentric_octagons, grunt_megastairs_4
Lair:2:   layout_chaotic_city, uniq_erica, uniq_fannar
Lair:3:   layout_cave_pods
Lair:4:   layout_misc_corridors, shoals_dummy_entry, spider_nest_entry_a,
          serial_bayou_lake_a
Lair:5:   layout_hall_layers, minmay_slime_entry_pillars, lemuel_fruit_tree,
          infiniplex_staircase_pool, uniq_nessos
Lair:6:   evil_forest, layout_cave_pods, gammafunk_ghost_arena, st_stairs_3,
          grunt_megastairs_5
Orc:1:    layout_caves, basic_altar, gammafunk_ghost_stat_death, uniq_jorgrun,
          uniq_maurice

Skill      XL: |  1  2  3  4  5  6  7  8  9 10 11 12 13 14 |
---------------+-------------------------------------------+-----
Throwing       | 2 3 4 5 6 7 8 |  8.5
Fighting       | 2 3 4 5 6 7 8 9 10 | 10.8
Dodging        | 3 4 5 6 7 8 |  8.0
Unarmed Combat | 4 5 6 7 8 10 11 12 | 12.9
Evocations     | 1 2 3 4 5 6 |  6.4
Shields        | 1 2 3 5 6 7 |  7.4
Armour         | 3 5 7 |  7.9

Action                   |  1- 3 |  4- 6 |  7- 9 | 10-12 | 13-15 || total
-------------------------+-------+-------+-------+-------+-------++-------
Melee: Unarmed           |    67 |   118 |   228 |   603 |   492 ||  1508
       Punch             |     1 |     2 |     2 |       |       ||     5
       Staff             |       |       |       |     5 |       ||     5
       Bite              |       |       |       |       |     2 ||     2
Throw: Large rock        |     3 |     3 |     4 |     6 |    17 ||    33
       Throwing net      |     2 |       |       |       |     1 ||     3
       Stone             |       |     8 |     9 |    81 |    19 ||   117
       Dart              |       |       |    20 |     8 |       ||    28
       Boomerang         |       |       |       |     2 |    25 ||    27
       Javelin           |       |       |       |       |     1 ||     1
Invok: Oozemancy         |       |       |       |       |     3 ||     3
Evoke: Wand              |       |       |     7 |    21 |    14 ||    42
  Use: Scroll            |       |    10 |     7 |     7 |    10 ||    34
       Potion            |       |       |     1 |     1 |     8 ||    10
 Stab: Sleeping          |     1 |     1 |       |       |       ||     2
       Confused          |       |       |     1 |       |       ||     1
       Invisible         |       |       |       |     2 |       ||     2
       Paralysed         |       |       |       |       |     1 ||     1
       Held in net/web   |       |       |       |       |     1 ||     1
Armor: Robe              |    26 |    18 |    31 |    18 |       ||    93
       Acid dragon scale |       |       |       |    85 |   133 ||   218
       Swamp dragon scal |       |       |       |       |    30 ||    30
Dodge: Dodged            |    34 |    54 |    88 |   174 |   145 ||   495
Block: Other             |       |       |    15 |       |       ||    15
       Kite shield       |       |       |    83 |   367 |     6 ||   456
       Reflection        |       |       |     1 |    12 |    21 ||    34
       Tower shield      |       |       |       |       |   519 ||   519

Table legend: (Time is in decaauts)
 A = Elapsed time spent in this place.
 B = Non-inter-level travel time spent in this place.
 C = Inter-level travel time spent in this place.
 D = Time resting spent in this place.
 E = Time spent auto-exploring this place.
 F = Levels seen in this place.
 G = Mean time per level.
                   A        B        C        D        E       F      G
               +--------+--------+--------+--------+--------+-----+--------+
         Total |  19335 |  17605 |   1730 |    868 |  13062 |  20 |  966.8 |
       Dungeon |  12606 |  11312 |   1294 |    494 |   8706 |  12 | 1050.5 |
        Temple |    204 |    183 |     21 |      0 |    173 |   1 |  204.0 |
          Lair |   5915 |   5548 |    367 |    324 |   3840 |   6 |  985.8 |
  Orcish Mines |    608 |    561 |     47 |     50 |    343 |   1 |  608.0 |
               +--------+--------+--------+--------+--------+-----+--------+

Top non-repeatable levels by time:
     D:9: 1867 daAuts
     D:8: 1667 daAuts
  Lair:6: 1409 daAuts
  Lair:5: 1113 daAuts
    D:11: 1090 daAuts
     D:6: 1080 daAuts
     D:4: 1071 daAuts
  Lair:2: 971 daAuts
     D:7: 941 daAuts
     D:3: 918 daAuts
  Lair:1: 839 daAuts
     D:2: 836 daAuts
  Lair:3: 809 daAuts
    D:10: 807 daAuts
     D:1: 807 daAuts
